 Dungeon Crawl Stone Soup version 0.28-a0-1190-g77e1c55843 (webtiles) character file.

Game seed: 14882577240157544794

1515298 EnegeticOcto the Hoplite (level 19, 148/208 HPs)
             Began as a Deep Dwarf Artificer on Dec 17, 2021.
             Was the Champion of Ru.
             Escaped with the Orb
             ... and 3 runes on Dec 18, 2021!
             The game lasted 03:13:19 (75870 turns).

EnegeticOcto the Hoplite (Deep Dwarf Artificer)    Turns: 75870, Time: 03:13:20

Health: 148/208    AC: 41    Str: 21 (22) XL:     19   Next: 98%
Magic:  2/7        EV: 14    Int: 12 (14) God:    Ru [******]
Gold:   360        SH: 32    Dex: 19      Spells: 25/29 levels left

rFire   + + .      SeeInvis +   q - +7 eveningstar (spect)
rCold   + . .      Faith    .   h - +2 tower shield {rF+}
rNeg    + . .      Spirit   .   W - +3 gold dragon scales
rPois   +          Reflect  +   z - +2 helmet {SInv}
rElec   +          Harm     .   y - +2 cloak {Will+}
rCorr   .          Rampage  .   Y - +2 pair of gloves
Will    +++..                   w - +2 pair of boots
Stlth   ..........              D - amulet of Zarac {Reflect rElec rPois Dex+4 SH+5 Stlth+}
HPRegen 0.00/turn               s - +4 ring of evasion
MPRegen 0.10/turn               Z - +4 ring of evasion

@: exhausted, hasted, studying 2 skills, very quick
A: damage resistance, heal wounds, negative energy resistance 1, sense
surroundings 3, hated by all, inability to train dodging, inexperienced 2, no
regeneration, claws 1, agile 1, low mp 1
0: Orb of Zot
}: 3/15 runes: decaying, serpentine, silver
a: Heal Wounds, Renounce Religion, Draw Out Power, Power Leap, Apocalypse


You escaped.
You worshipped Ru.
Ru was exalted by your worship.
You visited 9 branches of the dungeon, and saw 48 of its levels.
You visited the Abyss 1 time.
You also visited: Sewer, Gauntlet and Volcano.

You collected 8075 gold pieces.
You spent 7715 gold pieces at shops.

Inventory:

Hand Weapons
 a - a +7 morningstar of protection
   (You bought it in a shop on level 2 of the Orcish Mines)
 q - a +7 spectral eveningstar (weapon)
   (You subdued it on level 2 of the Elven Halls)
Missiles
 R - 2 throwing nets (quivered) {!f}
Armour
 h - a +2 tower shield of fire resistance (worn)
   (You bought it in a shop on level 2 of the Elven Halls)
 w - a +2 pair of boots (worn)
   (You found it on level 11 of the Dungeon)
 y - a +2 cloak of willpower (worn)
   (You found it on level 3 of the Elven Halls)
 z - a +2 helmet of see invisible (worn)
   (You bought it in a shop on level 2 of the Orcish Mines)
 W - +3 gold dragon scales (worn)
   (You found it on level 4 of the Vaults)
 Y - a +2 pair of gloves (worn)
   (You bought it in a shop on level 2 of the Orcish Mines)
Jewellery
 s - a +4 ring of evasion (left hand)
   (You found it on level 1 of the Swamp)
 u - the amulet of Fon Viah {Faith rF+ rC+}
   (You found it in a Gauntlet)

   [amulet of faith]

   It allows you to gain divine favour quickly.
   rF:        It protects you from fire.
   rC:        It protects you from cold.
 B - the ring of Elyvilon's Regard {rElec rPois rF+ Dex+2}
   (You took it off a yaktaur captain on level 5 of the Vaults)

   [ring of protection from fire]

   Dex:       It affects your dexterity (+2).
   rF:        It protects you from fire.
   rElec:     It insulates you from electricity.
   rPois:     It protects you from poison.
 D - the amulet of Zarac (around neck) {Reflect rElec rPois Dex+4 SH+5 Stlth+}
   (You bought it in a shop on level 3 of the Elven Halls)

   [amulet of reflection]

   It reflects blocked missile attacks.
   Dex:       It affects your dexterity (+4).
   rElec:     It insulates you from electricity.
   rPois:     It protects you from poison.
   SH:        It affects your SH (+5).
   Stlth:     It makes you more stealthy.
 M - the ring of Yssul {Fire rElec rN+++ rCorr Stlth-}
   (You took it off a deep elf demonologist on level 3 of the Elven Halls)

   [ring of fire]

   It enhances your fire magic.
   rF:        It protects you from fire.
   rC:        It makes you vulnerable to cold.
   rElec:     It insulates you from electricity.
   rN:        It renders you almost immune to negative energy.
   rCorr:     It protects you from acid and corrosion.
   Stlth:     It makes you less stealthy.
 Z - a +4 ring of evasion (right hand)
   (You found it on level 4 of the Snake Pit)
Wands
 l - a wand of digging (27) {@v3}
   (You found it on level 1 of the Lair of Beasts)
 F - a wand of flame (48) {@v4}
   (You found it on level 1 of the Lair of Beasts)
 L - a wand of mindburst (4)
   (You found it on level 2 of the Swamp)
 N - a wand of polymorph (10)
   (You found it on level 3 of the Snake Pit)
 P - a wand of paralysis (7)
   (You found it on level 8 of the Dungeon)
 Q - a wand of acid (13) {@v1}
   (You found it on level 8 of the Dungeon)
Scrolls
 f - 4 scrolls of vulnerability
 k - 5 scrolls of fear {!r}
 o - 2 scrolls of silence
 p - 8 scrolls of fog {!r}
 t - 2 scrolls of immolation
 x - 11 scrolls of teleportation {@r3 !r}
 J - a scroll of blinking {@r4}
 U - 4 scrolls of holy word
Potions
 b - a potion of resistance
 c - 5 potions of invisibility
 d - 7 potions of mutation
 g - 4 potions of attraction
 j - 23 potions of curing {@q1 !q}
 m - 6 potions of berserk rage
 n - 8 potions of heal wounds {@q2 !q}
 r - 8 potions of might {@q3 !q}
 A - 4 potions of magic
 C - 12 potions of lignification {@q6}
 H - 8 potions of flight
 I - 4 potions of haste {@q4 !q}
 O - 6 potions of ambrosia
 S - 3 potions of cancellation
 V - 11 potions of brilliance
Miscellaneous
 e - a piece from Xom's chessboard (15/15)
 i - a phial of floods
   (You found it in a Gauntlet)
 v - a condenser vane
   (You found it on level 14 of the Dungeon)
 K - a tin of tremorstones (2/2)
   (You found it on level 1 of the Vaults)


   Skills:
 - Level 22.0 Fighting
 - Level 16.0 Maces & Flails
 - Level 20.0 Armour
 - Level 3.0 Stealth
 - Level 25.0 Shields
 + Level 5.9 Spellcasting
 - Level 8.0 Necromancy
 - Level 20.0 Evocations


You had 25 spell levels left.
You knew the following spells:

 Your Spells              Type           Power      Damage    Failure   Level
a - Vampiric Draining     Necr           22%        2d7       43%         3
b - Apportation           Tloc           6%         N/A       99%         1

Your spell library contained the following spells:

 Spells                   Type           Power      Damage    Failure   Level
 Corpse Rot               Necr/Air       26%        N/A       77%         2
 Foxfire                  Conj/Fire      12%        2x1d4     99%         1
 Magic Dart               Conj           12%        1d3       99%         1
 Sandblast                Erth           6%         2d5       99%         1
 Shock                    Conj/Air       12%        1d3       99%         1
 Slow                     Hex            12%        N/A       99%         1
 Ensorcelled Hibernation  Hex/Ice        6%         N/A       100%        2
 Passwall                 Tmut/Erth      2%         N/A       100%        2
 Poisonous Vapours        Pois/Air       6%         N/A       100%        2
 Static Discharge         Conj/Air       3%         N/A       100%        2
 Confusing Touch          Hex            3%         N/A       100%        3
 Conjure Flame            Conj/Fire      3%         6-21      100%        3
 Dazzling Flash           Conj/Hex       6%         N/A       100%        3
 Frozen Ramparts          Ice            6%         1d2       100%        3
 Gell's Gravitas          Tloc           3%         N/A       100%        3
 Ignite Poison            Fire/Tmut/Pois 3%         N/A       100%        3
 Inner Flame              Hex/Fire       3%         N/A       100%        3
 Mephitic Cloud           Conj/Pois/Air  3%         N/A       100%        3
 Ozocubu's Armour         Ice            3%         N/A       100%        3
 Spider Form              Tmut/Pois      3%         N/A       100%        3
 Stone Arrow              Conj/Erth      6%         3d7       100%        3
 Teleport Other           Tloc           3%         N/A       100%        3
 Flame Wave               Conj/Fire      3%         2d4       100%        4
 Hailstorm                Conj/Ice       3%         3d3       100%        4
 Ice Form                 Ice/Tmut       3%         N/A       100%        4
 Iskenderun's Mystic Bla  Conj/Tloc      3%         2d3       100%        4
 Petrify                  Tmut/Erth      3%         N/A       100%        4
 Sticky Flame             Conj/Fire      3%         2d3       100%        4
 Alistair's Intoxication  Tmut/Pois      2%         N/A       100%        5
 Blade Hands              Tmut           1%         N/A       100%        5
 Borgnjor's Vile Clutch   Necr/Erth      6%         N/A       100%        5
 Fireball                 Conj/Fire      1%         3d3       100%        5
 Freezing Cloud           Conj/Ice/Air   1%         6-21      100%        5
 Iskenderun's Battlesphe  Conj           3%         2d6       100%        5
 Lightning Bolt           Conj/Air       1%         1d12      100%        5
 Metabolic Englaciation   Hex/Ice        1%         N/A       100%        5
 Yara's Violent Unravell  Hex/Tmut       1%         3d3       100%        5
 Conjure Ball Lightning   Conj/Air       1%         3x3d6     100%        6
 Dispersal                Tloc           1%         N/A       100%        6
 Iron Shot                Conj/Erth      1%         9d1       100%        6
 Starburst                Conj/Fire      1%         6d3       100%        6
 Statue Form              Tmut/Erth      2%         N/A       100%        6
 Orb of Destruction       Conj           1%         N/A       100%        7
 Borgnjor's Revivificati  Necr           11%        N/A       100%        8
 Disjunction              Tloc           1%         N/A       100%        8
 Maxwell's Capacitive Co  Air            1%         ∞         100%        8
 Necromutation            Tmut/Necr      6%         N/A       100%        8
 Death's Door             Necr           11%        N/A       100%        9
 Animate Dead             Necr           Unusable   N/A       N/A         4
 Call Canine Familiar     Summ           Unusable   N/A       N/A         3
 Animate Armour           Summ/Erth      Unusable   N/A       N/A         4
 Summon Ice Beast         Ice/Summ       Unusable   N/A       N/A         4
 Death Channel            Necr           Unusable   N/A       N/A         6
 Simulacrum               Ice/Necr       Unusable   N/A       N/A         6
 Infestation              Necr           Unusable   N/A       N/A         8

Dungeon Overview and Level Annotations

Branches:
Dungeon (15/15)            Temple (0/1) D:5            Lair (6/6) D:9
  Swamp (4/4) Lair:4        Snake (4/4) Lair:4        Slime (0/5) Lair:5
    Orc (2/2) D:9             Elf (3/3) Orc:2        Vaults (5/5) D:14
  Crypt (0/3) Vaults:2     Depths (4/4) D:15            Zot (5/5) Depths:4
  Sewer (visited)         Volcano (visited)         Gauntlet (visited)

Altars:
Ashenzari
Cheibriados
Elyvilon
Kikubaaqudgha
Makhleb
Nemelex Xobeh
Ru
Yredelemnul

Shops:
Orc:2 (***:([(   Elf:2 :(*=   Elf:3 !?=(   Snake:1 ::=*   Vaults:2 !
Vaults:3 (   Vaults:4 [

Portals:
Hell: Depths:1 Depths:2 Depths:4
Abyss: Depths:2
Pandemonium: Depths:2
Ziggurat: Depths:1
Trove: Elf:1 (give +5 ice dragon scales)

Annotations:
Lair:1 exclusion: oklob plant
Lair:3 exclusion: hydra
Lair:4 exclusion: hydra
Lair:5 exclusion: 3 oklob plants
Swamp:2 Roxanne
Snake:3 3 runed translucent doors, Dwachs's ghost, adept FoFi
Depths:3 1 exclusion


Innate Abilities, Weirdness & Mutations

You are resistant to damage.
You can heal yourself by infusing magical energy.
You resist negative energy. (rN+)
You passively map a large area around you.
You are hated by all.
You cannot train Dodging skill.
You are inexperienced. (-4 XL)
You do not regenerate.
You have sharp fingernails.
You are agile. (Dex +2)
Your magical capacity is low. (-10% MP)


Message History

You barely miss the golden eye.
The golden eye pulsates ominously.
The golden eye begins to attack, but is stunned by your conviction!
A ynoxinul comes into view.
You sock the golden eye!
You kill the golden eye!
The ynoxinul gestures.
You redirect the ufetubus's attack!
The ufetubus closely misses itself. x2
You block the ufetubus's attack. x3
The ufetubus hits you but does no damage.
The ufetubus misses you. You block the ufetubus's attack.
The ufetubus misses you. The ufetubus closely misses you.
You impale the ynoxinul!!
The ynoxinul is severely wounded.
Your +7 spectral eveningstar hits the ynoxinul!!
You kill the ynoxinul!
The ufetubus disappears in a puff of smoke! x2
(D) Dungeon (T) Temple (L) Lair (S) Swamp (P) Snake Pit (M) Slime Pits (O) Orcish Mines (E) Elven Halls (V) Vaults (C) Crypt (U) Depths (H) Hell (Z) Zot
Where to? (Enter - D:1 @ (x,y), ? - help)
There is a stone staircase leading up here.
You climb upwards.
There is a stone staircase leading down here.
There is a stone staircase leading up here.
You climb upwards.
There is a stone staircase leading down here.
There is a stone staircase leading up here.
You climb upwards.
There is a stone staircase leading down here.
An Executioner comes into view.
Unknown command.
You hit the Executioner but do no damage.
You block the Executioner's attack.
The Executioner hits you but does no damage.
The Executioner barely misses you.
You impale the Executioner!!
The Executioner is moderately wounded.
You block the Executioner's attack. x2; The Executioner hits you.
You impale the Executioner!!
The Executioner is severely wounded.
You block the Executioner's attack. x2
The Executioner hits you but does no damage.
You block the Executioner's attack.
The Executioner hits you but does no damage. x2
You bludgeon the Executioner!!
You kill the Executioner!
You feel your strength returning.
No target in view!
(D) Dungeon (T) Temple (L) Lair (S) Swamp (P) Snake Pit (M) Slime Pits (O) Orcish Mines (E) Elven Halls (V) Vaults (C) Crypt (U) Depths (H) Hell (Z) Zot
Where to? (Enter - D:1 @ (x,y), ? - help) Magic restored.
A shadow demon comes into view.
The shadow demon gives a loud, deep croak!
The shadow demon gestures.
The shadow demon gestures.
You redirect the shadow demon's attack!
The shadow demon gestures.
There is a stone staircase leading up here.
You climb upwards.
There is a stone staircase leading down here.
You see here a +0 giant club.
(D) Dungeon (T) Temple (L) Lair (S) Swamp (P) Snake Pit (M) Slime Pits (O) Orcish Mines (E) Elven Halls (V) Vaults (C) Crypt (U) Depths (H) Hell (Z) Zot
Where to? (Enter - D:1 @ (x,y), ? - help)
There is a stone staircase leading up here.
You climb upwards.
There is a stone staircase leading down here.
A neqoxec, a pandemonium lord and a lich come into view.
Unknown command.
Really quaff
I - 5 potions of haste {@q4 !q}?
You feel yourself speed up.
The neqoxec shouts!
The lich shouts!
The lich begins to cast a spell, but is stunned by your conviction!
A daeva comes into view.
It is wielding a +4 scimitar of holy wrath and wearing the -7 tower shield of Levity {+Inv rF+}.
The daeva shouts!
The daeva calls down the wrath of the Shining One upon you.
The Shining One smites you!
The daeva begins to attack, but is stunned by your conviction!
Blink to where?
Press: ? - help, Dir - move target
As you read the scroll of blinking {@r4}, it crumbles to dust.
Aiming: Dig
Press: ? - help, Shift-Dir - straight line This square is covered in magical glow.
The rock shatters into small pieces.
Aiming: Power Leap
Press: ? - help, Dir - move target A balrug and 2 sun demons come into view.
The balrug shouts!
The sun demon shouts! x2
You see here 21 arrows.
There is a staircase leading out of the dungeon here.
You have escaped!

##...##.........##.....## #.#
#....##.....##......##..####.#
#.####..........>..####.......
#)# #...................§.###
####.####..............A.........
.......###............###........
.......####...........# ###...###
..........#########.### #...#.###
.......########.@(.### #.###...#
.......# #...83....# #.# ###.#
.......# #......2..# ##.# #.#
######## ###.......3.###..# #..
#.............#.## ##.
###.##..........# #..
#..........#### #.. #####.....##
#..
##############.....############


You could see a balrug and 2 sun demons.

Vanquished Creatures
  3 ancient liches
  2 dread liches
  3 orbs of fire (Zot:5)
  A juggernaut (Depths:4)
  Mennas (Vaults:3)
  Frederick (Vaults:4)
  Sojobo (Vaults:3)
  3 Killer Klowns (Zot:5)
  A caustic shrike (Depths:3)
  Xtahua (Depths:4)
  The ghost of Yhutz the Peltast, a veteran MiFi of Qazlal (Vaults:2)
  A curse toe (Zot:3)
  4 golden dragons
  The ghost of AvatarAndi78 the Slayer, an adept MiBe of Trog (Vaults:2)
  9 tentacled monstrosities
  4 liches
  Jorgrun (D:15)
  2 quicksilver dragons
  7 Orb Guardians (Zot:5)
  3 deep elf blademasters
  2 titans (Vaults:5)
  2 deep elf master archers (Elf:3)
  Asterion (Elf:3)
  A walking frostbound tome (Depths:4)
  An Executioner (D:3)
  Agnes (Elf:2)
  5 sphinxes
  9 shadow dragons
  3 death cobs
  A thorn hunter (Swamp:4)
  Frances (Snake:2)
  4 tengu reavers
  A nagaraja (Snake:4)
  6 storm dragons
  A draconian monk (Depths:4)
  Louise (Elf:2)
  A draconian knight (Zot:5)
  6 frost giants
  A ghost moth (Depths:2)
  3 fire giants
  2 draconian scorchers (Zot:1)
  6 deep elf sorcerers
  2 orc warlords
  5 spectral caustic shrikes (Depths:1)
  2 emperor scorpions (Depths:2)
  A cacodemon (Depths:2)
  4 deep elf elementalists
  15 vault wardens
  2 draconian shifters (Zot:5)
  6 war gargoyles
  3 draconian stormcallers
  A spriggan defender (Depths:3)
  16 ironbound preservers
  16 very ugly things
  A green draconian (Zot:1)
  10 stone giants
  9 deep elf demonologists
  9 ironbound thunderhulks
  A vampire knight (Depths:4)
  4 deep elf annihilators
  6 black draconians
  Azrael (Elf:2)
  5 eleionomae
  4 spark wasps (Depths:4)
  2 entropy weavers (Vaults:1)
  3 red draconians
  4 dire elephants
  A purple draconian (Depths:4)
  6 yellow draconians
  A minotaur (Gauntlet)
  2 white draconians (Zot:5)
  Snorg (Orc:1)
  8 deep elf death magi
  The ghost of Thargor the Thaumaturge, a journeyman GnFE of Ashenzari (Orc:1)
  4 shambling mangroves
  11 ettins
  A merfolk impaler (Depths:1)
  Josephine (D:13)
  4 green deaths (Depths:2)
  18 yaktaur captains
  5 deep elf high priests
  6 fire dragons
  8 great orbs of eyes
  Fannar (D:10)
  4 salamander tyrants
  22 hydras
  4 ice dragons (Depths:4)
  30 vault guards
  Harold (D:9)
  3 boulder beetles
  4 catoblepae
  8 naga warriors
  4 ogre magi
  A spriggan air mage (Depths:4)
  2 rakshasas
  4 peacekeepers
  8 ironbound frosthearts
  17 centaur warriors
  Erolcha (D:10)
  15 anacondas
  23 dancing weapons
  The ghost of Qoozuoj the Unseen, a journeyman SpEn of Wu Jian (Lair:2)
  12 alligators
  6 death yaks (Lair:6)
  10 two-headed ogres
  4 deep troll shamans
  3 spriggan berserkers
  A vampire mage (Vaults:2)
  A hell hog (Gauntlet)
  Urug (Orc:2)
  6 deep troll earth magi
  5 tengu warriors
  6 shock serpents
  21 deep elf knights
  9 naga sharpshooters
  6 hell knights (Depths:4)
  4 thrashing horrors
  2 wretched stars (Abyss:3)
  A sixfirhy (Gauntlet)
  A death drake (Swamp:3)
  5 goliath frogs
  13 salamander mystics
  2 iron trolls
  3 glowing orange brains
  4 spriggan druids
  6 bog bodies
  15 lindwurms
  41 deep trolls
  10 swamp dragons
  6 naga ritualists
  15 wizards
  18 deep elf archers
  22 ironbound convokers
  2 phantasmal warriors (Vaults:5)
  A harpy (shapeshifter) (Elf:3)
  36 deep elf zephyrmancers
  5 necromancers
  2 harpies (Vaults:1)
  2 large abominations (Abyss:3)
  4 orc knights
  5 wolf spiders
  25 deep elf pyromancers
  16 mana vipers
  5 cyclopes
  2 manticores
  22 salamanders
  27 ugly things
  A will-o-the-wisp (Swamp:3)
  An orc sorcerer (Orc:2)
  5 elephants (Lair:6)
  15 vault sentinels
  7 moths of wrath
  10 guardian serpents
  12 cane toads
  38 black mambas
  17 naga magi
  3 smoke demons
  A gargoyle (D:13)
  A hellion (Zot:1)
  2 torpor snails (Lair:5)
  A minotaur zombie (Gauntlet)
  2 rime drakes
  A yaktaur (shapeshifter) (Vaults:4)
  2 orange demons
  Psyche (D:8)
  2 kobold demonologists
  14 komodo dragons
  26 yaktaurs
  A tengu conjurer (D:13)
  2 hellwings
  An ancient zyme (Abyss:3)
  7 polar bears
  6 meliai
  9 trolls
  2 jumping spiders
  2 bloated husks
  15 hornets
  Grinder (D:5)
  5 tyrant leeches
  A hornet (shapeshifter) (D:13)
  Prince Ribbit (D:9)
  24 slime creatures
  A slime creature (shapeshifter) (Vaults:5)
  11 dream sheep
  A wolf spider simulacrum (D:15)
  16 blink frogs
  An air elemental (Elf:3)
  12 spriggans
  2 centaur simulacra
  5 water elementals
  2 redbacks (Vaults:1)
  4 vampires
  8 wraiths
  3 shadows
  11 wyverns
  Eustachio (D:5)
  3 basilisks
  2 tarantellas (Depths:2)
  2 ynoxinuls
  3 fire bats (Gauntlet)
  8 humans (D:14)
  2 fire elementals
  78 yaks
  4 golden eyes (D:6)
  3 steam dragons
  2 neqoxecs (Orc:1)
  7 vampire mosquitoes
  2 chaos spawn
  5 wargs
  41 nagas
  13 swamp worms
  11 water moccasins
  2 floating eyes (shapeshifter)
  12 hell hounds
  15 swamp drakes
  7 small abominations
  3 ice beasts
  3 sky beasts
  6 orc warriors
  27 ogres
  4 starcursed masses (Abyss:3)
  5 boggarts (D:14)
  11 centaurs
  16 wolves (Lair:6)
  5 kobold brigands
  8 bullfrogs
  3 earth elementals
  A scorpion (D:5)
  A wyvern zombie (D:7)
  A scorpion (shapeshifter) (Vaults:5)
  A cane toad simulacrum (Lair:1)
  A water moccasin zombie (D:6)
  A wyvern skeleton (D:7)
  11 wights
  2 vampire bats (Lair:4)
  2 howler monkeys
  3 electric eels
  5 centaur zombies
  3 quasits (Orc:1)
  5 hounds
  10 orc priests
  2 jellies
  2 centaur skeletons
  9 orc wizards
  An iguana (D:6)
  A killer bee zombie (D:9)
  A hound skeleton (D:4)
  6 adders
  A river rat (Sewer)
  A shadow imp (D:5)
  A white imp (D:7)
  3 ufetubi
  An adder skeleton (D:4)
  2 worms
  4 dart slugs
  35 orcs
  10 ball pythons
  9 endoplasms
  2 giant cockroaches
  12 goblins
  9 hobgoblins
  2 jackals (Sewer)
  26 kobolds
  4 quokkas
  14 bats
  4 frilled lizards
  11 rats
  A creeping inferno (Zot:1)
  A fire vortex (Zot:1)
1737 creatures vanquished.

Vanquished Creatures (collateral kills)
  A phantom (D:5)
1 creature vanquished.

Vanquished Creatures (others)
  A tengu reaver (Vaults:3)
  An ironbound preserver (Vaults:4)
  A black draconian (Zot:5)
  An ettin (Depths:2)
  2 yaktaur captains (Vaults:3)
  A hydra (Swamp:4)
  3 dancing weapons (Elf:2)
  2 two-headed ogres (Orc:2)
  A deep troll shaman (Depths:1)
  A deep elf knight (Elf:2)
  2 naga sharpshooters (Snake:4)
  A swamp dragon (Swamp:4)
  A spriggan druid (Swamp:2)
  A deep troll (Orc:2)
  2 lindwurms
  A wizard (Vaults:3)
  A harpy (Vaults:1)
  An ugly thing (D:11)
  A wolf spider (Depths:2)
  A manticore (Lair:6)
  2 deep elf pyromancers (Elf:1)
  3 salamanders
  A cyclops (Orc:2)
  2 black mambas (Snake:4)
  A vault sentinel (Vaults:1)
  A naga mage (Snake:4)
  2 yaktaurs (Vaults:1)
  An anaconda simulacrum (Abyss:3)
  A troll (Orc:1)
  3 bloated husks (Swamp:1)
  A hornet (Swamp:1)
  A blink frog (Lair:6)
  A meliai zombie (D:11)
  A tarantella (Depths:2)
  A wyvern (shapeshifter) (Vaults:2)
  A basilisk (D:14)
  A human (D:14)
  2 swamp worms
  2 nagas
  2 swamp drakes (Swamp:4)
  A wight (D:10)
  An orc wizard (D:13)
  The ghost of fly the Sneak, a weakling FoDe (D:5)
  2 orcs
  2 bushes (Depths:3)
  64 fungi
  184 plants
311 creatures vanquished.

Grand Total: 2049 creatures vanquished

Notes
Turn   | Place    | Note
-------+----------+-------------------------------------------
     0 | D:1      | EnegeticOcto the Deep Dwarf Artificer began the quest for
                  | the Orb.
     0 | D:1      | Reached XP level 1. HP: 16/16 MP: 1/1
   234 | D:1      | Reached skill level 2 in Stealth
   327 | D:1      | Reached XP level 2. HP: 21/24 MP: 2/2
   341 | D:1      | Reached skill level 3 in Stealth
   483 | D:1      | Reached skill level 1 in Necromancy
   865 | D:2      | Reached XP level 3. HP: 11/30 MP: 3/3
   925 | D:2      | Noticed an ogre
   929 | D:2      | Killed an ogre
   930 | D:2      | Reached skill level 4 in Necromancy
   930 | D:2      | Reached XP level 4. HP: 13/37 MP: 4/4
   944 | D:2      | Learned a level 3 spell: Vampiric Draining
  1312 | D:2      | Reached XP level 5. HP: 43/43 MP: 5/5
  2070 | D:3      | Found a faded altar of an unknown god.
  2657 | D:3      | Reached skill level 5 in Necromancy
  3038 | D:4      | Found a glowing drain.
  3041 | D:4      | Noticed an ogre
  3065 | D:4      | Killed an ogre
  3066 | D:4      | Reached skill level 6 in Necromancy
  3066 | D:4      | Reached XP level 6. HP: 47/50 MP: 2/6
  3146 | Sewer    | Entered a sewer
  3363 | Sewer    | Found a glowing silver altar of Zin.
  3848 | D:4      | Reached skill level 7 in Necromancy
  4441 | D:4      | Found a sacrificial altar of Ru.
  4447 | D:4      | Became a worshipper of Ru the Awakened
  4459 | D:5      | Entered Level 5 of the Dungeon
  4459 | D:5      | Identified the +5 great mace "Zeniyxug" {venom, Will+
                  | Int+4}
  4459 | D:5      | Found a transporter.
  4492 | D:5      | Found a sparkling altar of Nemelex Xobeh.
  4594 | D:5      | Noticed a sky beast
  4658 | D:5      | Killed a sky beast
  4659 | D:5      | Reached skill level 2 in Fighting
  4659 | D:5      | Reached XP level 7. HP: 17/60 MP: 2/7
  4716 | D:5      | Noticed fly's ghost (weakling FoDe)
  4717 | D:5      | Found a transporter.
  4758 | D:5      | Noticed Eustachio
  4987 | D:5      | Reached skill level 3 in Fighting
  5139 | D:5      | Found a staircase to the Ecumenical Temple.
  5194 | D:5      | Reached skill level 4 in Fighting
  5334 | D:5      | Reached skill level 1 in Spellcasting
  5411 | D:5      | Noticed Grinder
  5864 | D:5      | Your ally fly's ghost died
  5869 | D:5      | Reached skill level 8 in Necromancy
  5869 | D:5      | Reached XP level 8. HP: 72/72 MP: 2/10
  5963 | D:5      | Killed Eustachio
  5964 | D:5      | Reached skill level 2 in Maces & Flails
  5964 | D:5      | Reached skill level 2 in Spellcasting
  6246 | D:6      | Found an ancient bone altar of Kikubaaqudgha.
  6444 | D:6      | Reached skill level 3 in Maces & Flails
  6583 | D:6      | Reached skill level 3 in Spellcasting
  6600 | D:6      | Reached skill level 4 in Maces & Flails
  6627 | D:6      | Reached skill level 5 in Maces & Flails
  6828 | D:6      | Gained mutation: You cannot train Dodging skill. [Ru
                  | sacrifice]
  6828 | D:6      | Reduced skill Dodging to level 0
  6828 | D:6      | Reached * piety under Ru
  6838 | D:6      | Reached skill level 6 in Maces & Flails
  6929 | D:6      | Identified the +4 short sword of Hubris {drain, *Corrode
                  | Str+4 SInv}
  6988 | D:6      | Gained mutation: You passively map the area around you.
                  | [Deep Dwarf growth]
  6988 | D:6      | Reached XP level 9. HP: 28/77 MP: 13/13
  7196 | D:6      | Found a broken altar of Ashenzari.
  7196 | D:6      | Found a basalt altar of Yredelemnul.
  7197 | D:6      | Found a white marble altar of Elyvilon.
  7443 | D:7      | Reached skill level 7 in Maces & Flails
  8005 | D:7      | Reached skill level 8 in Maces & Flails
  8789 | D:8      | Noticed Psyche
  9394 | D:5      | Killed Grinder
  9410 | D:5      | Reached skill level 9 in Maces & Flails
  9538 | D:8      | Your magical essence is drained by the effort!
 10120 | D:9      | Found a staircase to the Lair.
 10284 | D:9      | Reached skill level 10 in Maces & Flails
 10323 | D:9      | Your magical essence is drained by the effort!
 10432 | D:9      | Found a staircase to the Orcish Mines.
 10502 | D:9      | Gained mutation: You are hated by all. [Ru sacrifice]
 10502 | D:9      | Reached ** piety under Ru
 10502 | D:9      | Reached *** piety under Ru
 10538 | D:9      | Reached skill level 5 in Fighting
 10538 | D:9      | Reached XP level 10. HP: 82/86 MP: 8/12
 11348 | D:9      | Noticed Harold
 11358 | D:9      | Killed Harold
 11359 | D:9      | Reached skill level 6 in Fighting
 11359 | D:9      | Reached skill level 11 in Maces & Flails
 12048 | D:9      | Noticed Prince Ribbit
 12053 | D:9      | Killed Prince Ribbit
 12054 | D:9      | Reached skill level 12 in Maces & Flails
 12150 | D:10     | Entered Level 10 of the Dungeon
 12165 | D:10     | Found a snail-covered altar of Cheibriados.
 12226 | D:10     | Noticed Fannar
 13175 | D:10     | Noticed Erolcha
 13256 | D:10     | Killed Fannar
 13327 | D:10     | Reached skill level 7 in Fighting
 13327 | D:10     | Reached XP level 11. HP: 84/100 MP: 13/13
 13860 | Lair:1   | Entered Level 1 of the Lair of Beasts
 13965 | Lair:1   | Noticed an oklob plant
 14425 | Lair:1   | Reached skill level 13 in Maces & Flails
 14506 | Lair:1   | Found a frozen archway.
 14901 | Lair:2   | Noticed a four-headed hydra
 15302 | Lair:2   | Gained mutation: You are somewhat inexperienced. (-2 XL)
                  | [Ru sacrifice]
 15302 | Lair:2   | Reached XP level 10. HP: 80/96 MP: 12/12
 15302 | Lair:2   | Reached XP level 9. HP: 80/87 MP: 11/11
 15302 | Lair:2   | Reached **** piety under Ru
 15453 | Lair:2   | Killed a four-headed hydra
 15584 | Lair:2   | Noticed an eight-headed hydra
 15600 | Lair:2   | Killed an eight-headed hydra
 15601 | Lair:2   | Reached skill level 8 in Fighting
 15646 | Lair:1   | Your magical essence is drained by the effort!
 15793 | Lair:1   | Reached skill level 14 in Maces & Flails
 16685 | Lair:2   | Found a large runed translucent door.
 16687 | Lair:2   | Found a large runed translucent door.
 16690 | Lair:2   | Noticed Qoozuoj's ghost (journeyman SpEn)
 16936 | Lair:2   | Killed Qoozuoj's ghost
 16937 | Lair:2   | Reached skill level 15 in Maces & Flails
 17018 | Lair:3   | Reached XP level 10. HP: 47/96 MP: 1/11
 17185 | Lair:3   | Noticed an eight-headed hydra
 17458 | Lair:3   | Noticed a boulder beetle
 17477 | Lair:3   | Killed a boulder beetle
 17797 | Lair:3   | Reached skill level 16 in Maces & Flails
 17824 | Lair:3   | Reached skill level 3 in Armour
 18081 | Lair:3   | Learned a level 1 spell: Apportation
 18555 | Lair:4   | Gained mutation: You are inexperienced. (-4 XL) [Ru
                  | sacrifice]
 18555 | Lair:4   | Reached XP level 9. HP: 65/90 MP: 11/11
 18555 | Lair:4   | Reached XP level 8. HP: 65/82 MP: 10/10
 18555 | Lair:4   | Reached ***** piety under Ru
 18555 | Lair:4   | Reached ****** piety under Ru
 18663 | Lair:4   | Noticed an eight-headed hydra
 18701 | Lair:4   | Reached skill level 4 in Armour
 18771 | Lair:4   | Reached skill level 4 in Spellcasting
 18902 | Lair:4   | Found a staircase to the Snake Pit.
 19042 | Lair:4   | Found a staircase to the Swamp.
 19142 | Lair:4   | Reached skill level 5 in Armour
 19754 | Lair:5   | Noticed a six-headed hydra
 19932 | Lair:5   | Noticed a boulder beetle
 19942 | Lair:5   | Your magical essence is drained by the effort!
 19946 | Lair:5   | Killed a boulder beetle
 19947 | Lair:5   | Reached skill level 9 in Fighting
 20259 | Lair:5   | Reached skill level 5 in Spellcasting
 20297 | Lair:5   | Reached skill level 6 in Armour
 20327 | Lair:5   | Reached XP level 9. HP: 49/90 MP: 3/12
 20340 | Lair:5   | Reached skill level 10 in Fighting
 20853 | Lair:5   | Reached skill level 7 in Armour
 21055 | Lair:5   | Found a staircase to the Slime Pits.
 21300 | Lair:6   | Entered Level 6 of the Lair of Beasts
 21329 | Lair:6   | Found a gate leading to a gauntlet.
 21335 | Gauntlet | Entered a Gauntlet
 21335 | Gauntlet | Found a transporter.
 21335 | Gauntlet | Found a transporter.
 21335 | Gauntlet | Found a transporter.
 21399 | Gauntlet | Found a transporter.
 21403 | Gauntlet | Found a transporter.
 21413 | Gauntlet | Found a transporter.
 21417 | Gauntlet | Found a transporter.
 21429 | Gauntlet | Found a transporter.
 21455 | Gauntlet | Found a transporter.
 21473 | Gauntlet | Found a transporter.
 21519 | Gauntlet | Found a transporter.
 21531 | Gauntlet | Found a transporter.
 21601 | Gauntlet | Reached skill level 8 in Armour
 21602 | Gauntlet | Your magical essence is drained by the effort!
 21658 | Gauntlet | Reached skill level 11 in Fighting
 21688 | Gauntlet | Identified the amulet of Fon Viah {Faith rF+ rC+}
 21749 | Gauntlet | Identified the ring "Hycut" {rN+ MP+9}
 21863 | Gauntlet | Noticed a minotaur
 21881 | Gauntlet | Killed a minotaur
 22021 | Gauntlet | Reached skill level 9 in Armour
 22538 | Lair:6   | Reached skill level 10 in Armour
 22596 | Lair:6   | Reached skill level 12 in Fighting
 23034 | Lair:6   | Reached XP level 10. HP: 88/108 MP: 6/12
 23652 | Lair:6   | Reached skill level 13 in Fighting
 23813 | Lair:6   | Reached skill level 5 in Evocations
 24260 | Lair:6   | Reached skill level 6 in Evocations
 24980 | D:11     | Reached skill level 11 in Armour
 25033 | D:11     | Reached skill level 7 in Evocations
 25987 | D:12     | Reached skill level 8 in Evocations
 26477 | Orc:1    | Entered Level 1 of the Orcish Mines
 26488 | Orc:1    | Found a dark tunnel.
 26499 | Volcano  | Entered a volcano
 26582 | Volcano  | Reached skill level 12 in Armour
 26693 | Volcano  | Reached skill level 1 in Shields
 27035 | Volcano  | Reached skill level 2 in Shields
 27360 | Orc:1    | Found a transporter.
 27361 | Orc:1    | Noticed Thargor's ghost (journeyman GnFE)
 27375 | Orc:1    | Found a transporter.
 27522 | Orc:1    | Noticed Snorg
 27532 | Orc:1    | Killed Snorg
 27760 | Orc:1    | Reached skill level 3 in Shields
 27900 | Orc:1    | Found a burning altar of Makhleb.
 27968 | Orc:2    | Entered Level 2 of the Orcish Mines
 28035 | Orc:2    | Found Odicies's General Store.
 28182 | Orc:2    | Noticed Urug
 28194 | Orc:2    | Reached skill level 4 in Shields
 28203 | Orc:2    | Killed Urug
 28324 | Orc:2    | Found Yrocutiun's Assorted Antiques.
 28324 | Orc:2    | Found Ogugigim's Assorted Antiques.
 28495 | Orc:2    | Found Izopt's Book Shoppe.
 28508 | Orc:2    | Reached skill level 5 in Shields
 28589 | Orc:1    | Reached XP level 11. HP: 62/107 MP: 13/13
 28602 | Orc:2    | Found Pobel's Antique Weapon Emporium.
 28934 | Orc:2    | Found Zagafood's Armour Boutique.
 28941 | Orc:2    | Found Pekyrat's Weapon Emporium.
 28946 | Orc:2    | Reached skill level 6 in Shields
 29187 | Orc:2    | Found a staircase to the Elven Halls.
 29356 | Orc:2    | Found Zouj's Weapon Emporium.
 29507 | Orc:2    | Bought a +2 helmet of see invisible for 322 gold pieces
 29538 | Orc:2    | Bought a scroll of teleportation for 84 gold pieces
 29538 | Orc:2    | Bought a potion of curing for 84 gold pieces
 29538 | Orc:2    | Bought a glass ring for 140 gold pieces
 29546 | Orc:2    | Bought a potion of curing for 75 gold pieces
 29546 | Orc:2    | Bought a scroll of magic mapping for 87 gold pieces
 29561 | Orc:2    | Bought a runed morningstar for 224 gold pieces
 29600 | Orc:2    | Bought a scroll of enchant armour for 135 gold pieces
 29600 | Orc:2    | Bought a scroll of teleportation for 54 gold pieces
 29600 | Orc:2    | Bought a potion of attraction for 54 gold pieces
 29600 | Orc:2    | Bought a wand of digging (3) for 252 gold pieces
 30016 | D:13     | Reached skill level 14 in Fighting
 30233 | D:13     | Reached skill level 7 in Shields
 30715 | D:13     | Noticed Josephine
 30721 | D:13     | Killed Josephine
 31180 | D:14     | Noticed a sphinx
 31215 | D:14     | Reached skill level 8 in Shields
 31585 | D:14     | Killed a sphinx
 32249 | D:14     | Noticed an orc warlord
 32264 | D:14     | Killed an orc warlord
 32279 | D:14     | Identified the +8 spear of the Key {flame, Str+3}
 32461 | D:14     | Reached skill level 9 in Shields
 32498 | D:14     | Found a gate to the Vaults.
 32534 | D:15     | Entered Level 15 of the Dungeon
 32534 | D:15     | Noticed Jorgrun
 32547 | D:15     | Killed Jorgrun
 32632 | D:15     | Reached skill level 15 in Fighting
 32778 | D:15     | Found a staircase to the Depths.
 33381 | D:15     | Reached skill level 10 in Shields
 33769 | Swamp:1  | Entered Level 1 of the Swamp
 33947 | Swamp:1  | Reached skill level 11 in Shields
 34117 | Swamp:1  | Identified the +1 leather armour "Lowipoxesk" {Str+4 Dex-5}
 34299 | Swamp:2  | Reached XP level 12. HP: 85/122 MP: 14/14
 34340 | Swamp:2  | Identified Roxanne's Handbook of Transmigration
 34340 | Swamp:2  | Noticed Roxanne
 34363 | Swamp:2  | Reached skill level 12 in Shields
 35190 | Swamp:2  | Reached skill level 13 in Shields
 35498 | Swamp:3  | Your magical essence is drained by the effort!
 35657 | Swamp:3  | Reached skill level 14 in Shields
 35842 | Orc:2    | Bought a +0 pair of gloves for 67 gold pieces
 36478 | Swamp:4  | Entered Level 4 of the Swamp
 36540 | Swamp:4  | Noticed a thorn hunter
 36560 | Swamp:4  | Killed a thorn hunter
 36561 | Swamp:4  | Reached skill level 15 in Shields
 36671 | Swamp:4  | Reached skill level 9 in Evocations
 36955 | Swamp:4  | Got a decaying rune of Zot
 37390 | Snake:1  | Entered Level 1 of the Snake Pit
 37505 | Snake:1  | Reached skill level 10 in Evocations
 37673 | Snake:1  | Reached XP level 13. HP: 77/124 MP: 14/14
 37948 | Snake:1  | Found Vooruam's General Store.
 37956 | Snake:1  | Bought 2 potions of cancellation for 208 gold pieces
 37956 | Snake:1  | Bought a potion of curing for 39 gold pieces
 37956 | Snake:1  | Bought 2 potions of berserk rage for 130 gold pieces
 38062 | Snake:1  | Identified the +0 plate armour "Heenyrph" {+Inv}
 38202 | Snake:1  | Found Iwyurhob's Jewellery Boutique.
 38202 | Snake:1  | Found Zetumu Xof's Book Emporium.
 38203 | Snake:1  | Found Tuirux's Book Emporium.
 38744 | Snake:2  | Reached skill level 11 in Evocations
 38965 | Snake:2  | Noticed Frances
 38987 | Snake:2  | Killed Frances
 39566 | Snake:3  | Reached skill level 13 in Armour
 39650 | Snake:3  | Reached skill level 16 in Fighting
 39661 | Snake:3  | Found a runed translucent gate.
 39662 | Snake:3  | Found a runed translucent gate.
 39664 | Snake:3  | Found a runed translucent gate.
 39666 | Snake:3  | Noticed Dwachs's ghost (adept FoFi)
 40704 | Snake:3  | Identified a scroll of acquirement
 40710 | Snake:3  | Acquired a +4 chain mail of fire resistance
 40904 | Snake:3  | Reached skill level 16 in Shields
 41507 | Snake:3  | Reached skill level 12 in Evocations
 41660 | Snake:4  | Entered Level 4 of the Snake Pit
 42355 | Snake:4  | Your magical essence is drained by the effort!
 43639 | Snake:4  | Gained mutation: You resist negative energy. (rN+) [Deep
                  | Dwarf growth]
 43639 | Snake:4  | Reached XP level 14. HP: 94/130 MP: 14/14
 43650 | Snake:4  | Reached skill level 13 in Evocations
 43683 | Snake:4  | Reached skill level 14 in Armour
 44845 | Snake:4  | Got a serpentine rune of Zot
 45266 | Vaults:1 | Entered Level 1 of the Vaults
 45275 | Vaults:1 | Reached skill level 17 in Shields
 45574 | Vaults:1 | Reached skill level 17 in Fighting
 45916 | Vaults:1 | Reached skill level 15 in Armour
 46758 | Vaults:2 | Upgraded the game from 0.28-a0-1182-g381e24db82 to
                  | 0.28-a0-1190-g77e1c55843
 47639 | Vaults:2 | Your magical essence is drained by the effort!
 48033 | Vaults:2 | Reached skill level 18 in Shields
 48061 | Vaults:2 | Found a runed translucent gate.
 48061 | Vaults:2 | Found a runed translucent gate.
 48061 | Vaults:2 | Found a runed translucent gate.
 48062 | Vaults:2 | Noticed Yhutz's ghost (veteran MiFi)
 48062 | Vaults:2 | Noticed AvatarAndi78's ghost (adept MiBe)
 48164 | Vaults:2 | Found Qoxkoqe's Distillery.
 48174 | Vaults:2 | Bought a potion of curing for 48 gold pieces
 48174 | Vaults:2 | Bought a potion of heal wounds for 80 gold pieces
 48174 | Vaults:2 | Bought a potion of ambrosia for 128 gold pieces
 48174 | Vaults:2 | Bought a potion of curing for 48 gold pieces
 48174 | Vaults:2 | Bought a potion of ambrosia for 128 gold pieces
 48174 | Vaults:2 | Bought a potion of resistance for 160 gold pieces
 48205 | Vaults:2 | Reached XP level 15. HP: 83/145 MP: 14/14
 48324 | Vaults:2 | Reached skill level 16 in Armour
 48501 | Vaults:2 | Identified the +3 plate armour of Impressiveness {Harm Fly
                  | MP+9 Int-5}
 48573 | Vaults:2 | Found a staircase to the Crypt.
 48921 | Vaults:3 | Noticed Mennas
 48925 | Vaults:3 | Your magical essence is drained by the effort!
 48948 | Vaults:3 | Your magical essence is drained by the effort!
 48971 | Vaults:3 | Killed Mennas
 48972 | Vaults:3 | Reached skill level 18 in Fighting
 49161 | Vaults:3 | Reached skill level 19 in Shields
 49238 | Vaults:3 | Noticed Sojobo
 49263 | Vaults:3 | Killed Sojobo
 49518 | Vaults:3 | Found Yduhing's Weapon Boutique.
 49808 | Vaults:3 | Reached skill level 20 in Shields
 50947 | Vaults:4 | Found Wuxelez's Armour Boutique.
 50955 | Vaults:4 | Bought the +5 plate armour of Oblivion {*Slow rN+ Str+10}
                  | for 969 gold pieces
 51208 | Vaults:4 | Reached skill level 21 in Shields
 51506 | Vaults:4 | Noticed Frederick
 51513 | Vaults:4 | Reached XP level 16. HP: 109/150 MP: 13/13
 51522 | Vaults:4 | Killed Frederick
 51716 | Vaults:4 | Noticed a golden dragon
 51731 | Vaults:4 | Reached skill level 22 in Shields
 51733 | Vaults:4 | Killed a golden dragon
 52356 | Snake:1  | Bought the amulet "Gibak" {Reflect rN+ SH+5 SInv} for 771
                  | gold pieces
 52785 | Elf:1    | Entered Level 1 of the Elven Halls
 52792 | Orc:2    | Cast into level 2 of the Abyss (a deep elf sorcerer)
 52830 | Abyss:3  | Found a corrupted altar of Lugonu.
 52849 | Abyss:3  | Found a corrupted altar of Lugonu.
 52852 | Abyss:3  | Your magical essence is drained by the effort!
 53143 | Orc:2    | Escaped the Abyss
 53289 | Elf:1    | Reached skill level 23 in Shields
 53418 | Elf:1    | Found a crumbling gateway.
 53779 | Elf:1    | Found a portal to a secret trove of treasure.
 54092 | Elf:1    | Got the Compendium of Conjuration and Summoning
 54324 | Elf:2    | Found Ruigi's Assorted Antiques.
 54324 | Elf:2    | Found Behauxoc's Book Shoppe.
 54820 | Elf:2    | Reached skill level 24 in Shields
 54829 | Elf:2    | Found Were's Weapon Shoppe.
 55006 | Elf:2    | Found Woukh's Jewellery Boutique.
 55165 | Elf:2    | Noticed Louise
 55195 | Elf:2    | Killed Louise
 55494 | Elf:2    | Found a runed translucent gate.
 55496 | Elf:2    | Found a runed translucent gate.
 55501 | Elf:2    | Found a runed translucent gate.
 55575 | Elf:3    | Entered Level 3 of the Elven Halls
 55631 | Elf:3    | Found Qobi's Antique Weapon Shoppe.
 55633 | Elf:3    | Found Kegra's Jewellery Emporium.
 55635 | Elf:3    | Found Fetecrah's Magic Scroll Shoppe.
 55873 | Elf:3    | Noticed Asterion
 55897 | Elf:3    | Killed Asterion
 56039 | Elf:3    | Paralysed by an air elemental for 1 turns
 56236 | Elf:3    | Found Afren's Distillery.
 56372 | Elf:3    | Reached XP level 17. HP: 133/163 MP: 8/13
 57102 | Elf:3    | Identified the +8 short sword of Bodily Harmony {flame,
                  | rPois rC++ Str-2 Stlth+}
 58529 | Elf:3    | Identified the ring of Yssul {Fire rElec rN+++ rCorr
                  | Stlth-}
 58804 | Elf:3    | Identified the +1 storm dragon scales "Feacw" {rElec SInv}
 58935 | Elf:3    | Reached skill level 14 in Evocations
 60567 | Elf:3    | Identified the +4 dagger "Beratigu" {freeze, Str+5}
 60654 | Elf:3    | Bought a scroll of acquirement for 832 gold pieces
 60654 | Elf:3    | Acquired 494 gold pieces
 60695 | Elf:2    | Bought a glowing tower shield for 285 gold pieces
 60710 | Elf:2    | Bought a fine sapphire amulet for 190 gold pieces
 60710 | Elf:2    | Identified the amulet of the Traitor {Spirit Dex+3} (You
                  | bought it in a shop on level 2 of the Elven Halls)
 60791 | Elf:2    | Noticed Azrael
 60803 | Elf:2    | Noticed Agnes
 60805 | Elf:2    | Killed Azrael
 60810 | Elf:2    | Killed Agnes
 60980 | Elf:2    | Reached skill level 25 in Shields
 61134 | Elf:2    | Reached skill level 17 in Armour
 61767 | Vaults:2 | Killed Yhutz's ghost
 61787 | Vaults:2 | Killed AvatarAndi78's ghost
 61788 | Vaults:2 | Reached skill level 15 in Evocations
 62740 | Depths:1 | Entered Level 1 of the Depths
 62764 | Depths:1 | Found a one-way gateway to a ziggurat.
 62863 | Depths:1 | Found a gateway to Hell.
 63647 | Depths:1 | Your magical essence is drained by the effort!
 63907 | Depths:2 | Found a one-way gate leading to the halls of Pandemonium.
 63909 | Depths:2 | Gained mutation: Your magical capacity is low. (-10% MP) [a
                  | cacodemon]
 64063 | Depths:2 | Reached skill level 16 in Evocations
 64193 | Depths:2 | Identified the ring "Niotuffo" {rC+ Will+++ MP-9 Str+4
                  | Int+4}
 64379 | Depths:2 | Found a one-way gate to the infinite horrors of the Abyss.
 64421 | Depths:2 | Reached skill level 18 in Armour
 64779 | Depths:2 | Gained mutation: You passively map a large area around you.
                  | [Deep Dwarf growth]
 64779 | Depths:2 | Reached XP level 18. HP: 127/173 MP: 10/10
 65540 | Depths:3 | Noticed a caustic shrike
 65558 | Depths:3 | Killed a caustic shrike
 65633 | Depths:4 | Entered Level 4 of the Depths
 65633 | Depths:4 | Found a broken altar of Ashenzari.
 65743 | Depths:4 | Noticed Xtahua
 65763 | Depths:4 | Killed Xtahua
 65834 | Depths:4 | Reached skill level 17 in Evocations
 66267 | Depths:4 | Found a gate to the Realm of Zot.
 66332 | Depths:4 | Reached skill level 19 in Fighting
 66582 | Depths:4 | Noticed a juggernaut
 66599 | Depths:4 | Killed a juggernaut
 67305 | D:10     | Killed Erolcha
 67431 | Orc:1    | Killed Thargor's ghost
 67563 | D:8      | Killed Psyche
 67716 | Elf:3    | Bought the amulet of Zarac {Reflect rElec rPois Dex+4 SH+5
                  | Stlth+} for 891 gold pieces
 68046 | Vaults:5 | Entered Level 5 of the Vaults
 68118 | Vaults:5 | Reached skill level 19 in Armour
 68462 | Vaults:5 | Reached skill level 18 in Evocations
 68779 | Vaults:5 | Identified the ring of Elyvilon's Regard {rElec rPois rF+
                  | Dex+2}
 69973 | Vaults:5 | Identified the +11 quarterstaff "Tycaufod" {drain, rC+
                  | Int+3}
 69973 | Vaults:5 | Identified the amulet of Zadassots {RegenMP *Corrode rElec
                  | rPois Dex+5}
 71813 | Vaults:5 | Got a silver rune of Zot
 71854 | Vaults:5 | Noticed a golden dragon
 71865 | Vaults:5 | Killed a golden dragon
 72154 | Vaults:5 | Reached skill level 19 in Evocations
 72169 | Vaults:5 | Reached XP level 19. HP: 163/201 MP: 11/11
 72176 | Vaults:5 | Noticed a dread lich
 72179 | Vaults:5 | Killed a dread lich
 72408 | Vaults:5 | Found the +3 sling "Punk" {acid, rCorr}
 72459 | Vaults:5 | Noticed an ancient lich
 72477 | Vaults:5 | Killed an ancient lich
 72478 | Vaults:5 | Reached skill level 20 in Armour
 72514 | Vaults:5 | Paralysed by a floating eye for 3 turns
 72519 | Vaults:5 | Reached skill level 20 in Fighting
 72639 | Vaults:5 | Got the Guide on Dark Combat Magic
 72761 | Vaults:5 | Identified the ring of Polytheism {Wiz Str+2}
 73301 | Elf:2    | Bought a scroll of enchant armour for 285 gold pieces
 73341 | Elf:3    | Bought a scroll of blinking for 120 gold pieces
 73399 | Elf:3    | Bought a potion of heal wounds for 85 gold pieces
 73399 | Elf:3    | Bought a potion of mutation for 136 gold pieces
 73399 | Elf:3    | Bought a potion of ambrosia for 136 gold pieces
 73399 | Elf:3    | Bought a potion of might for 68 gold pieces
 73514 | Orc:2    | Bought 2 potions of mutation for 400 gold pieces
 73806 | Zot:1    | Entered Level 1 of the Realm of Zot
 73962 | Zot:3    | Reached skill level 20 in Evocations
 73971 | Zot:3    | Noticed a curse toe
 73993 | Zot:3    | Killed a curse toe
 74024 | Zot:3    | Your magical essence is drained by the effort!
 74200 | Zot:5    | Entered Level 5 of the Realm of Zot
 74472 | Zot:5    | Reached skill level 21 in Fighting
 74486 | Zot:5    | Noticed an orb of fire
 74582 | Zot:5    | Noticed an orb of fire
 74594 | Zot:5    | Gained mutation: Armour fits poorly on your strangely
                  | shaped body. [an orb of fire]
 74598 | Zot:5    | Killed an orb of fire
 74603 | Zot:5    | Noticed an ancient lich
 74606 | Zot:5    | Your magical essence is drained by the effort!
 74608 | Zot:5    | Your magical essence is drained by the effort!
 74612 | Zot:5    | Killed an ancient lich
 74639 | Zot:5    | Noticed an orb of fire
 74660 | Zot:5    | Killed an orb of fire
 74668 | Zot:5    | Noticed an ancient lich
 74671 | Zot:5    | Killed an ancient lich
 74762 | Zot:5    | Noticed a Killer Klown
 74773 | Zot:5    | Killed a Killer Klown
 74836 | Zot:5    | Noticed a Killer Klown
 74847 | Zot:5    | Noticed a Killer Klown
 74849 | Zot:5    | Killed a Killer Klown
 74854 | Zot:5    | Killed a Killer Klown
 74866 | Zot:5    | Noticed a dread lich
 74877 | Zot:5    | Killed a dread lich
 75038 | Zot:5    | Noticed an orb of fire
 75051 | Zot:5    | Gained mutation: You tend to lose your temper in combat.
                  | [an orb of fire]
 75053 | Zot:5    | Killed an orb of fire
 75054 | Zot:5    | Reached skill level 22 in Fighting
 75055 | Zot:5    | Your magical essence is drained by the effort!
 75056 | Zot:5    | Your magical essence is drained by the effort!
 75057 | Zot:5    | Lost mutation: You tend to lose your temper in combat.
                  | [potion of mutation]
 75057 | Zot:5    | Lost mutation: Armour fits poorly on your strangely shaped
                  | body. [potion of mutation]
 75057 | Zot:5    | Lost mutation: Your magical capacity is low. (-10% MP)
                  | [potion of mutation]
 75057 | Zot:5    | Gained mutation: You are agile. (Dex +2) [potion of
                  | mutation]
 75057 | Zot:5    | Gained mutation: Your magical capacity is low. (-10% MP)
                  | [potion of mutation]
 75057 | Zot:5    | Gained mutation: You have sharp fingernails. [potion of
                  | mutation]
 75252 | Zot:5    | Noticed a Killer Klown
 75253 | Zot:5    | Got the Orb of Zot
 75381 | Zot:1    | Your magical essence is drained by the effort!
 75844 | D:1      | Noticed Wythey the pandemonium lord
 75860 | D:1      | Identified the -7 tower shield of Levity {+Inv rF+}
 75870 | D:$      | Escaped with the Orb!

Illustrated notes

Levels and vault maps discovered:
D:1:      mrwooster_arrival_statue, layout_rooms, serial_bayou_pond_c,
          minmay_misc_feat_enclosed, lemuel_another_geyser
D:2:      layout_basic
D:3:      layout_loops_corners, basic_ecumenical_altar, minivault_19,
          minmay_quantized
D:4:      cheibrodos_greedy_goblins, layout_basic,
          mainiacjoe_overflow_tiny_flanked, gup_sewer_entry_glass,
          serial_rivers, chequers_serial_rivers_room_b,
          chequers_serial_rivers_marsh, chequers_serial_rivers_large_b,
          chequers_serial_rivers_small_a
D:5:      layout_loops_ring, lemuel_crystal_altar,
          minmay_temple_entry_antechambers, gammafunk_ghost_smash,
          grunt_decor_junction, uniq_grinder, uniq_eustachio
D:6:      layout_basic, minitemple, mainiacjoe_overflow_paths, kennysheep_boxes
D:7:      layout_cave_pools
D:8:      layout_loops_cross, uniq_psyche
D:9:      layout_irregular_city, erik_lair_orcish_takeover, orc_david_3,
          uniq_harold, uniq_prince_ribbit1
D:10:     layout_rooms, old_standard_altar, nicolae_fountain_basement,
          uniq_fannar, uniq_erolcha
D:11:     layout_cave_pods
D:12:     layout_gridville, small_statue_alley_a
D:13:     layout_loops_corners, kennysheep_kite_vault, uniq_josephine
D:14:     nicolae_cairo_tiling, layout_rooms, ximxim_vaults_locker_room,
          serial_glass, glass_columns_b, glass_columns_b, minmay_diamond_spiral
D:15:     grunt_enter_depths_giant_problem, layout_long_grid, fountainhead,
          uniq_jorgrun
Lair:1:   layout_hall_layers, portal_ice_cave_entry_ice_simulacra,
          minmay_lair_oklob_bushes, serial_bayou_shore_b
Lair:2:   layout_gridlike, ebering_ghost_disaster_area, serial_bayou,
          serial_bayou_shore_a, serial_bayou_lake_a, serial_bayou_lagoon_b,
          serial_bayou_lagoon_a
Lair:3:   layout_loops_ring, serial_bayou_crossing, serial_bayou_shore_b,
          infiniplex_staircase_pool, grunt_megastairs_5
Lair:4:   layout_regular_city, skrybe_swamp_entry_bodies,
          minmay_snake_entry_spellcaster, roderic_batcave, grunt_megastairs_3
Lair:5:   layout_misc_corridors, minmay_slime_entry_oklob_open
Lair:6:   evilmike_catoblepas_cave, layout_loops_ring, gauntlet_entry_generic,
          grunt_forest_large_clearings, serial_bayou_shore_b
Swamp:1:  layout_falls_marsh, evilmike_swamp_ruin_house_1, swamp_pool5,
          roderic_carrion_pond
Swamp:2:  layout_falls_marsh, evilmike_swamp_ruin_rubble_1, swamp_pool4,
          nicolae_swamp_fairy_circle, uniq_roxanne
Swamp:3:  layout_basic_swamp, evilmike_swamp_ruin_house_4
Swamp:4:  swamp, layout_basic_swamp, swamp_pool5
Snake:1:  layout_honeycomb, serial_shops, nicolae_shop_statue_plus,
          minmay_shop_grove
Snake:2:  layout_cave_shapes, uniq_frances
Snake:3:  cheibrodos_snake_lava_hold, layout_layer_cave,
          gammafunk_ghost_necromancy, st_stairs_6
Snake:4:  snake_pit_salamanders_mu, layout_cave_town,
          nicolae_snake_gridmaze_waves
Orc:1:    layout_caves, enter_volcano_1, basic_altar,
          gammafunk_ghost_stat_death, uniq_snorg
Orc:2:    st_orc_open, layout_caves, serial_shops,
          nicolae_shop_bloodbath_and_beyond, shop_fountains,
          nicolae_shop_statue_plus, nicolae_shop_temple_entry_statues_fountains,
          special_room, uniq_urug
Elf:1:    minmay_elf_arrival_plus, layout_loops_ring,
          nicolae_trove_entry_isolated, portal_desolation_entry_twin_temple,
          minmay_elf_sorcery
Elf:2:    nicolae_elf_blades_splatter_lattice
          [nicolae_vaults_blade_armed_guards], layout_geoelf_octagon,
          serial_aquarium, aquarium_bridge_straight [aquarium_subvault_bridge,
          aquarium_subvault_window, aquarium_subvault_bridge,
          aquarium_subvault_window], aquarium_window_2, aquarium_window_1,
          aquarium_view_2f, serial_shops, shop, nicolae_shop_stone, shop,
          nicolae_shop_trees, st_stairs_7, uniq_azrael, uniq_agnes, uniq_louise
Elf:3:    elf_hall_gauntlet_wide, layout_loops_corners, serial_shops,
          nicolae_shop_competitors_out_of_business, minmay_shop_star,
          uniq_asterion
Vaults:1: nicolae_vaults_what_the_h, ontoclasm_vaults_claustrophobia,
          vaults_room_fours, v_misc_33, v_misc_8, vaults_mumra_chevron_long,
          vaults_dpeg_cross, grunt_vaults_funnel, v_misc_10,
          ontoclasm_vaults_spin, v_misc_14, vaults_room_large_hall, st_squares,
          layout_vaults_maze
Vaults:2: gammafunk_ghost_cemetery, vaults_room_corners,
          hangedman_vaults_stretched_pinwheel, grunt_vaults_trifunnel,
          minmay_crypt_entry_vampire_xt, vaults_room_hallway,
          dpeg_vaults_monster_box, v_misc_13,
          hangedman_vaults_stretched_pinwheel, nicolae_vaults_display_case,
          vaults_room_semicircle, ontoclasm_vaults_fault, layout_vaults_ring,
          serial_shops, shop
Vaults:3: nicolae_vaults_stairing_the_circle, v_alt_pattern_1,
          hangedman_vaults_cutoff, v_alt_pattern_5, nicolae_vaults_triangles,
          hangedman_vaults_corner, ontoclasm_vaults_ring_square,
          vaults_dpeg_ring, layout_vaults_chaotic_city, serial_shops, shop,
          uniq_mennas, uniq_sojobo
Vaults:4: grunt_vaults_focal, ontoclasm_vaults_ring_small,
          nicolae_vaults_network_periphery, ontoclasm_vaults_ligature,
          nicolae_vaults_diagonal_hallway_6, v_rooms_6,
          nicolae_vaults_circle_grid_b, v_misc_25, st_eye, v_misc_25,
          hangedman_vaults_locks, v_misc_31, vaults_room_semicircle,
          layout_vaults_omnibox, serial_shops, nicolae_shop_advertising_works
          [nicolae_subvault_shop_adworks], uniq_frederick
Vaults:5
Depths:1: layout_gridville, enter_ziggurat_f, pf_hell_entry_tar_river,
          chequers_big_river, minmay_microvault
Depths:2: cheibrodos_poisonous_passages, layout_basic,
          hangedman_abyss_entry_splay, grunt_hell_entry_dis_mu,
          rand_demon_pan_entry_1, minmay_staircase_windowed_small
Depths:3: hangedman_hanging_gardens, layout_basic, grunt_decor_mini_mirrors,
          hell_entry, minmay_room_of_horrors, hangedman_abyss_or_decor_slice,
          infiniplex_staircase_zigzag_4
Depths:4: grunt_zot_entry_tricorne, layout_gridlike,
          cheibrodos_ashenzari_chains, pf_vacation_house_of_asmodeus,
          uniq_xtahua
Zot:1:    layout_gridlike, hangedman_hellfire_club
Zot:2:    layout_basic
Zot:3:    layout_gridlike
Zot:4:    layout_gridlike, lemuel_baited_zot_trap, st_stairs_6,
          lemuel_flame_loot_1
Zot:5:    layout_twisted_circle

Skill      XL: |  1  2  3  4  5  6  7  8  9 10 11 12 13 14 15 16 17 18 19 |
---------------+----------------------------------------------------------+-----
Stealth        | 2 3 |  3.0
Necromancy     | 1 4 6 7 8 |  8.0
Fighting       | 2 4 9 12 13 15 16 17 18 19 22 | 22.0
Spellcasting   | 1 5 |  5.9
Maces & Flails | 6 15 16 13 | 16.0
Dodging        | 0 |  0.0
Armour         | 6 10 12 13 15 16 18 19 20 | 20.0
Evocations     | 8 10 12 13 16 19 20 | 20.0
Shields        | 5 11 15 16 18 21 24 25 | 25.0

Action                   |  1- 3 |  4- 6 |  7- 9 | 10-12 | 13-15 | 16-18 | 19-21 || total
-------------------------+-------+-------+-------+-------+-------+-------+-------++-------
Melee: Club              |    19 |       |       |       |       |       |       ||    19
       Short sword       |    68 |    27 |       |       |       |       |       ||    95
       Whip              |       |    86 |    25 |   140 |       |       |       ||   251
       Spear             |       |    31 |       |       |       |       |       ||    31
       Great mace        |       |       |   498 |   529 |       |       |       ||  1027
       Morningstar       |       |       |       |  1030 |  2107 |   973 |       ||  4110
       Eveningstar       |       |       |       |       |       |  1330 |   404 ||  1734
 Fire: Hunting sling     |       |    96 |    12 |       |       |       |       ||   108
Throw: Stone             |    37 |    11 |    26 |       |       |       |       ||    74
       Dart              |       |    10 |    17 |    14 |     2 |     1 |     1 ||    45
       Throwing net      |       |       |     2 |     1 |     1 |       |       ||     4
 Cast: Vampiric Draining |       |    28 |   192 |   209 |       |       |       ||   429
       Apportation       |       |       |       |     8 |       |       |       ||     8
Invok: Draw Out Power    |       |       |    19 |    66 |    58 |    41 |    13 ||   197
       Power Leap        |       |       |    10 |     2 |     6 |    23 |     1 ||    42
       Sacrifice Experie |       |       |     2 |       |       |       |       ||     2
       Sacrifice Nimblen |       |       |     1 |       |       |       |       ||     1
       Apocalypse        |       |       |     1 |       |     2 |     3 |     1 ||     7
       Sacrifice Love    |       |       |     1 |       |       |       |       ||     1
 Abil: Heal Wounds       |       |     2 |    14 |     9 |    17 |     7 |    14 ||    63
Evoke: Wand              |     4 |     4 |    19 |    55 |    53 |    41 |    14 ||   190
       Piece from Xom's  |       |       |     9 |       |       |       |       ||     9
       Phial of floods   |       |       |       |     4 |     6 |     3 |       ||    13
       Condenser vane    |       |       |       |     4 |     9 |     8 |     3 ||    24
       Tin of tremorston |       |       |       |       |    10 |    17 |     2 ||    29
  Use: Scroll            |       |     3 |    15 |    27 |     6 |    13 |    21 ||    85
       Potion            |       |       |       |     2 |     4 |     7 |    16 ||    29
 Stab: Sleeping          |     1 |       |     3 |     4 |       |       |       ||     8
       Paralysed         |       |       |     6 |    16 |    37 |    20 |     2 ||    81
       Petrified         |       |       |    12 |       |       |       |       ||    12
       Distracted        |       |       |     2 |     9 |    15 |    12 |     8 ||    46
       Invisible         |       |       |     1 |    20 |     4 |     4 |       ||    29
       Held in net/web   |       |       |       |     1 |       |       |       ||     1
       Confused          |       |       |       |     3 |       |       |       ||     3
Armor: Leather armour    |    24 |    52 |    17 |       |       |       |       ||    93
       Steam dragon scal |       |       |   110 |    30 |       |       |       ||   140
       Plate armour      |       |       |   124 |  1104 |   399 |    13 |       ||  1640
       Chain mail        |       |       |       |       |   455 |       |       ||   455
       Gold dragon scale |       |       |       |       |       |   429 |    73 ||   502
       Skin              |       |       |       |       |       |       |    10 ||    10
Dodge: Dodged            |    51 |   116 |   347 |   400 |   392 |   275 |    51 ||  1632
Block: Kite shield       |       |       |       |   593 |  1018 |   202 |       ||  1813
       Tower shield      |       |       |       |       |       |  1245 |   249 ||  1494
       Reflection        |       |       |       |       |       |    73 |    10 ||    83

Table legend: (Time is in decaauts)
 A = Elapsed time spent in this place.
 B = Non-inter-level travel time spent in this place.
 C = Inter-level travel time spent in this place.
 D = Time resting spent in this place.
 E = Time spent auto-exploring this place.
 F = Levels seen in this place.
 G = Mean time per level.
                   A        B        C        D        E       F      G
               +--------+--------+--------+--------+--------+-----+--------+
         Total |  74738 |  65208 |   9530 |  18035 |  31415 |  54 | 1384.0 |
       Dungeon |  22400 |  18007 |   4393 |   3051 |  11117 |  15 | 1493.3 |
          Lair |  11251 |   9671 |   1580 |   2432 |   5350 |   6 | 1875.2 |
         Swamp |   3534 |   3188 |    346 |    500 |   1714 |   4 |  883.5 |
     Snake Pit |   7762 |   7136 |    626 |   2237 |   3042 |   4 | 1940.5 |
  Orcish Mines |   3056 |   2332 |    724 |    362 |   1280 |   2 | 1528.0 |
   Elven Halls |   7935 |   7185 |    750 |   3851 |   1830 |   3 | 2645.0 |
        Vaults |  10945 |  10366 |    579 |   3840 |   4055 |   5 | 2189.0 |
        Depths |   4177 |   3746 |    431 |    484 |   2126 |   4 | 1044.2 |
           Zot |   1488 |   1389 |     99 |    529 |    368 |   5 |  297.6 |
         Abyss |    319 |    319 |      0 |      4 |      0 |   3 |  106.3 |
         Sewer |    366 |    366 |      0 |     17 |    164 |   1 |  366.0 |
       Volcano |    805 |    805 |      0 |    466 |    172 |   1 |  805.0 |
      Gauntlet |    694 |    694 |      0 |    257 |    195 |   1 |  694.0 |
               +--------+--------+--------+--------+--------+-----+--------+

Top non-repeatable levels by time:
   Elf:3: 5232 daAuts
Vaults:5: 4787 daAuts
     D:9: 3217 daAuts
 Snake:4: 3044 daAuts
    D:10: 2680 daAuts
 Snake:3: 2636 daAuts
  Lair:6: 2581 daAuts
  Lair:2: 2484 daAuts
  Lair:4: 1772 daAuts
     D:5: 1761 daAuts
   Orc:2: 1686 daAuts
    D:14: 1635 daAuts
Vaults:2: 1602 daAuts
  Lair:1: 1580 daAuts
Vaults:1: 1536 daAuts
